 Dungeon Crawl Stone Soup version 0.30-a0-451-ge042605de7 (webtiles) character file.

Game seed: 8516532301145476828

10243 Lobster4 the Summoner (level 11, -7/74 HPs)
             Began as a Human Summoner on Dec 11, 2022.
             Was an Elder of Hepliaklqana.
             Shot with a bolt by an orc warrior (9 damage)
             ... on level 2 of the Orcish Mines.
             The game lasted 00:43:02 (11169 turns).

Lobster4 the Summoner (Human Summoner)             Turns: 11169, Time: 00:43:03

Health: -7/74      AC: 12    Str:  8 (9)  XL:     11   Next: 89%
Magic:  28/29      EV: 11    Int: 19 (22) God:    Hepliaklqana [****..]
Gold:   596        SH:  0    Dex: 13 (16) Spells: 10/23 levels left

rFire   . . .      SeeInvis +    a - +9 falchion "Ajylinoz" {flame, Int+2 Dex+3 SInv}
rCold   . . .      Faith    .    (no shield)
rNeg    . . .      Spirit   .    l - +0 acid dragon scales
rPois   .          Reflect  .    w - +1 hat
rElec   .          Harm     .    Q - +0 cloak
rCorr   +          Rampage  .    L - +1 pair of gloves
Will    .....                    (no boots)
Stlth   ++........               (no amulet)
HPRegen 0.32/turn                d - +4 ring of slaying
MPRegen 0.21/turn                v - ring of magical power

@: flying
A: reduced essence
a: Renounce Religion, Recall Ancestor, Ancestor Identity, Transference, Idealise


You were on level 2 of the Orcish Mines.
You worshipped Hepliaklqana.
Hepliaklqana was greatly pleased with you.
You visited 3 branches of the dungeon, and saw 13 of its levels.

You collected 596 gold pieces.

Inventory:

Hand Weapons
 a - the +9 falchion "Ajylinoz" (weapon) {flame, Int+2 Dex+3 SInv}
   (You found it on level 4 of the Dungeon)

   It burns those it strikes, dealing additional fire damage.
   Big, fiery blades are also staple armaments of hydra-hunters.
   Int:       It affects your intelligence (+2).
   Dex:       It affects your dexterity (+3).
   SInv:      It lets you see invisible.
 b - a +1 sling
 N - a +1 dagger of venom
Armour
 c - a +0 leather armour
 l - +0 acid dragon scales (worn)
 w - a +1 hat (worn)
 x - the +2 robe of Disguise {Drain rN+++ Will+++ Int-5}
   (You found it on level 10 of the Dungeon)

   Int:       It affects your intelligence (-5).
   rN:        It renders you almost immune to negative energy.
   Drain:     It drains your maximum health when unequipped.
   Will:      It greatly increases your willpower.
 L - a +1 pair of gloves (worn)
 Q - a +0 cloak (worn)
 S - a +0 buckler
Jewellery
 d - a +4 ring of slaying (left hand)
 m - a ring of positive energy
 v - a ring of magical power (right hand)
 y - a ring of poison resistance
 G - a ring of ice
Wands
 f - a wand of iceblast (2)
 s - a wand of polymorph (2)
 F - a wand of flame (20)
 O - a wand of paralysis (15)
Scrolls
 r - a scroll of enchant weapon
 C - a scroll of brand weapon {unknown}
 U - a scroll of poison
Potions
 e - a potion of magic
 h - 4 potions of flight
 k - 2 potions of berserk rage {unknown}
 n - a potion of might
 t - a potion of brilliance {unknown}
 u - a potion of haste {unknown}
 z - 3 potions of resistance {unknown}
 E - 4 potions of degeneration
 I - 2 potions of experience {unknown}
 J - a potion of lignification {unknown}
 M - 2 potions of ambrosia {unknown}


   Skills:
 + Level 6.7 Fighting
 - Level 0.9(3.7) Short Blades
 + Level 5.7(5.8) Long Blades
 - Level 1.0 Throwing
 - Level 6.0 Armour
 - Level 3.0 Dodging
 - Level 3.0 Stealth
 + Level 2.6 Shields
 + Level 6.6 Spellcasting
 * Level 10.9 Summonings
 + Level 4.4 Air Magic
 - Level 3.0 Evocations


You had 10 spell levels left.
You knew the following spells:

 Your Spells              Type           Power      Damage    Failure   Level
a - Summon Small Mammal   Summ           100%       N/A       1%          1
b - Call Imp              Summ           48%        N/A       1%          2
c - Call Canine Familiar  Summ           48%        N/A       1%          3
d - Summon Guardian Gole  Hex/Summ       27%        N/A       5%          3
h - Summon Lightning Spi  Summ/Air       35%        N/A       7%          4

Your spell library contained the following spells:

 Spells                   Type           Power      Damage    Failure   Level
 Swiftness                Air            23%        N/A       9%          3
 Static Discharge         Conj/Air       28%        2-4/arc   11%         2
 Cigotuvi's Dreadful Rot  Necr/Pois/Air  22%        N/A       14%         2
 Vhi's Electric Charge    Tloc/Air       28%        N/A       21%         3
 Ensorcelled Hibernation  Hex/Ice        12%        N/A       26%         2
 Passwall                 Tmut/Erth      5%         N/A       26%         2
 Inner Flame              Hex/Fire       6%         N/A       45%         3
 Dispel Undead            Necr           6%         3d8       86%         4
 Flame Wave               Conj/Fire      6%         2d5       86%         4
 Sticky Flame             Conj/Fire      6%         2d3       86%         4
 Arcjolt                  Conj/Air       7%         1d17      88%         5
 Lightning Bolt           Conj/Air       7%         1d19      88%         5
 Death Channel            Necr           3%         N/A       100%        6
 Maxwell's Capacitive Co  Air            11%        ∞         100%        8


Dungeon Overview and Level Annotations

Branches:
Dungeon (10/15)            Temple (1/1) D:4            Lair (0/5) D:10
    Orc (2/2) D:10
    Elf: Orc:2

Altars:
Ashenzari
Cheibriados
Dithmenos
Elyvilon
Fedhas
Gozag
Hepliaklqana
Kikubaaqudgha
Makhleb
Nemelex Xobeh
Okawaru
Qazlal
Ru
Sif Muna
Trog
Uskayaw
Vehumet
Wu Jian
Xom
Yredelemnul
Zin
The Shining One

Shops:
D:4 *


Message History

Your white imp hits the orc warrior.
Your white imp freezes the orc warrior.
Tiberius hits the orc warrior with a +0 flail.
You strike the helpless orc warrior from behind!
You slash the orc warrior! You burn the orc warrior.
You kill the orc warrior!
Tiberius blocks the orc warrior's attack.
The orc warrior shoots a bolt.
The bolt hits you!
* * * LOW HITPOINT WARNING * * *
The orc shoots a bolt.
The bolt hits Tiberius but does no damage.
Tiberius hits the orc warrior with a +0 flail.
You swap places.
The orc warrior misses you.
The orc unwields a +0 arbalest.
The orc wields a +0 hand axe.
The orc hits you with a +0 hand axe.
* * * LOW HITPOINT WARNING * * *
The orc hits your white imp but does no damage.
Your white imp gestures at the orc.
The puff of frost hits the orc!
The orc dies!
Tiberius hits the orc warrior with a +0 flail!
Okay, then.
Okay, then.
You swap places.
Your surroundings suddenly seem different.
The orc warrior shouts!
The orc shouts!
You hear a shout! x4
An orc comes into view. It is wielding a +0 short sword.
The orc warrior shoots a bolt.
The bolt barely misses you.
Okay, then.
It was a potion of degeneration.
There was something very wrong with that liquid.
You feel weakened.
You feel dopey.
You feel clumsy.
The orc warrior shoots a bolt.
The bolt closely misses you.
An orc comes into view. It is wielding a +2 whip of venom.
The orc warrior shoots a bolt.
The bolt closely misses you.
You hear a shout!
The orc wizard shouts!
You hear a shout!
It was a potion of flight.
You feel very buoyant.
You fly up into the air.
You hear a shout!
The orc warrior shoots a bolt.
The bolt hits you!
You die...

#.... ##....... .. #...##..##..
##..##....... ###...#........
### ###.....o........ ##.##
##.......#......≈≈≈≈
#..o###.....#..#.....≈≈≈≈##
#§§§.§##.....o..@.........
§§§§.o§o..o.o..)..........
....#§c........#o....≈≈≈≈##
..o#o.o........#......≈≈≈≈###
........................§§≈≈##
.......o.......#........§.≈≈≈#
..........o....##.......§§.≈≈#
.........oo.....##..##))##...#
.....................5..........


You could see 3 orc warriors, 2 orc wizards and 3 orcs.

Vanquished Creatures
  Maggie (D:7)
  5 yaks
  Eustachio (D:6)
  A water moccasin (D:10)
  3 orc warriors (Orc:2)
  2 sky beasts (D:7)
  2 phantoms (D:4)
  6 centaurs
  2 scorpions
  Dowan (D:5)
  2 iguanas (D:6)
  2 orc wizards (D:7)
  4 gnolls
  3 adders
  3 white imps
  An ufetubus (D:6)
  A dart slug (D:3)
  15 orcs
  2 endoplasms
  4 giant cockroaches
  5 goblins
  2 hobgoblins
  8 jackals
  3 quokkas
  3 ball pythons
  2 bats (D:3)
  6 kobolds
  3 rats
93 creatures vanquished.

Vanquished Creatures (collateral kills)
  A two-headed ogre (D:8)
  An ugly thing (D:8)
  A tengu conjurer (D:8)
  A troll (D:9)
  Sigmund (D:5)
  A wyvern (D:8)
  A wraith (D:9)
  4 yaks
  Grum (D:10)
  2 acid dragons
  Edmund (D:5)
  4 water moccasins
  Duvessa (D:5)
  An ice beast (D:6)
  4 black bears
  5 orc warriors
  An ogre (D:5)
  2 wolves (D:10)
  8 centaurs
  A kobold brigand (D:8)
  7 bullfrogs
  2 necrophages
  A gnoll sergeant (D:9)
  A scorpion (D:7)
  4 wights
  3 killer bees (D:8)
  4 howler monkeys
  A gnoll bouda (D:7)
  4 orc priests
  2 hounds (D:4)
  A jelly (D:6)
  2 iguanas
  5 orc wizards
  7 gnolls
  2 adders
  A white imp (D:6)
  2 worms (D:2)
  A dart slug (D:1)
  36 orcs
  7 endoplasms
  2 giant cockroaches
  4 goblins
  7 hobgoblins
  2 jackals
  5 kobolds
  A quokka (D:2)
  2 ball pythons (D:1)
  7 bats
  A frilled lizard (D:2)
  A rat (D:1)
167 creatures vanquished.

Vanquished Creatures (others)
  A wraith (D:10)
  3 orc warriors
  2 knights
  An orc wizard (D:10)
  An ancestor (D:6)
  3 orcs (Orc:2)
  34 fungi (D:10)
  34 plants
79 creatures vanquished.

Grand Total: 339 creatures vanquished

Notes
Turn   | Place    | Note
-------+----------+-------------------------------------------
     0 | D:1      | Lobster4 the Human Summoner began the quest for the Orb.
     0 | D:1      | Reached XP level 1. HP: 13/13 MP: 3/3
   212 | D:1      | Reached XP level 2. HP: 19/19 MP: 1/5
   312 | D:1      | Learned a level 2 spell: Call Imp
   504 | D:1      | Reached XP level 3. HP: 25/25 MP: 2/6
  1348 | D:2      | Reached skill level 1 in Fighting
  1528 | D:2      | Reached skill level 1 in Armour
  1528 | D:2      | Reached XP level 4. HP: 25/32 MP: 7/7
  2992 | D:4      | Found Xaxa's Lightly-Used Armoury.
  3056 | D:4      | Reached XP level 5. HP: 37/37 MP: 8/8
  3174 | D:4      | Identified the +9 falchion "Ajylinoz" {flame, Int+2 Dex+3
                  | SInv}
  3318 | D:4      | Reached skill level 5 in Summonings
  3318 | D:4      | Reached XP level 6. HP: 44/44 MP: 5/9
  3500 | D:4      | Reached skill level 1 in Long Blades
  3559 | D:4      | Learned a level 3 spell: Call Canine Familiar
  3817 | D:4      | Reached XP level 7. HP: 32/50 MP: 11/11
  3886 | D:4      | Found a staircase to the Ecumenical Temple.
  3896 | Temple   | Entered the Ecumenical Temple
  3915 | Temple   | Became a worshipper of Hepliaklqana the Forgotten
  4113 | D:5      | Entered Level 5 of the Dungeon
  4373 | D:5      | Noticed Duvessa
  4380 | D:5      | Noticed Dowan
  4410 | D:5      | Killed Duvessa
  4421 | D:5      | Killed Dowan
  4554 | D:5      | Found an iron altar of Okawaru.
  4555 | D:5      | Found a shimmering blue altar of Sif Muna.
  4565 | D:5      | Found a basalt altar of Yredelemnul.
  4565 | D:5      | Found a stormy altar of Qazlal.
  4566 | D:5      | Found an ancient bone altar of Kikubaaqudgha.
  4566 | D:5      | Found a burning altar of Makhleb.
  4567 | D:5      | Found a blossoming altar of Fedhas.
  4568 | D:5      | Found a white marble altar of Elyvilon.
  4568 | D:5      | Found a shadowy altar of Dithmenos.
  4569 | D:5      | Found a glowing golden altar of the Shining One.
  4593 | D:5      | Noticed Edmund
  4684 | D:5      | Killed Edmund
  4685 | D:5      | Reached skill level 6 in Summonings
  4685 | D:5      | Reached XP level 8. HP: 40/57 MP: 3/13
  5020 | D:5      | Noticed Sigmund
  5037 | D:5      | Killed Sigmund
  5548 | D:6      | Reached skill level 7 in Summonings
  5758 | D:6      | Noticed Eustachio
  5768 | D:6      | Killed Eustachio
  5769 | D:6      | Reached skill level 1 in Throwing
  5769 | D:6      | Reached skill level 1 in Evocations
  5769 | D:6      | Reached XP level 9. HP: 46/65 MP: 15/15
  5995 | D:6      | Reached * piety under Hepliaklqana
  6086 | D:6      | Found a sparkling altar of Nemelex Xobeh.
  6837 | D:7      | Noticed Maggie
  6976 | D:7      | Reached skill level 8 in Summonings
  6977 | D:7      | Killed Maggie
  7159 | D:7      | Reached ** piety under Hepliaklqana
  7160 | D:7      | Remembered your ancestor Tiberius as a knight
  7191 | D:7      | Reached XP level 10. HP: 50/65 MP: 17/17
  7299 | D:7      | Reached skill level 5 in Spellcasting
  7309 | D:7      | Learned a level 4 spell: Summon Lightning Spire
  7490 | D:7      | Reached skill level 5 in Fighting
  7733 | D:8      | Reached skill level 1 in Air Magic
  7740 | D:8      | Reached skill level 9 in Summonings
  8193 | D:8      | Found a snail-covered altar of Cheibriados.
  8501 | D:8      | Noticed a two-headed ogre
  8505 | D:8      | Noticed a purple ugly thing
  8506 | D:8      | Killed a two-headed ogre
  8507 | D:8      | Reached skill level 5 in Armour
  8548 | D:8      | Killed a purple ugly thing
  8712 | D:8      | Reached XP level 11. HP: 52/72 MP: 19/19
  8953 | D:8      | Reached skill level 10 in Summonings
  9339 | D:9      | Reached *** piety under Hepliaklqana
  9466 | D:9      | Reached skill level 5 in Long Blades
  9483 | D:9      | Reached skill level 1 in Shields
  9596 | D:9      | Learned a level 3 spell: Summon Guardian Golem
  9975 | D:10     | Entered Level 10 of the Dungeon
 10123 | D:10     | Identified the +2 robe of Disguise {Drain rN+++ Will+++
                  | Int-5}
 10151 | D:10     | Found a staircase to the Lair.
 10418 | D:10     | Noticed Grum
 10426 | D:10     | Killed Grum
 10702 | D:10     | Found a staircase to the Orcish Mines.
 11034 | Orc:1    | Entered Level 1 of the Orcish Mines
 11034 | Orc:1    | You fall into a shaft and drop 1 floor!
 11034 | Orc:2    | Entered Level 2 of the Orcish Mines
 11052 | Orc:2    | Reached **** piety under Hepliaklqana
 11075 | Orc:2    | HP: 3/74 [orc warrior/bolt (22)]
 11081 | Orc:2    | HP: 1/74 [centaur/arrow (12)]
 11091 | Orc:2    | HP: 3/74 [centaur/arrow (12)]
 11160 | Orc:2    | HP: 2/74 [orc warrior/bolt (21)]
 11166 | Orc:2    | HP: 1/74 [orc/+0 hand axe (3)]
 11169 | Orc:2    | Shot with a bolt by an orc warrior

Illustrated notes

Levels and vault maps discovered:
D:1:      dpeg_arrival_radiant, layout_basic, kennysheep_small_spiral
D:2:      layout_basic, minmay_tromino_i4
D:3:      layout_loops_ring
D:4:      layout_loops_ring, minmay_temple_entry_poolview, minmay_shop_damaged
D:5:      layout_loops_ring, nicolae_overflows_in_rows, uniq_sigmund,
          uniq_edmund, uniq_duvessa
D:6:      layout_gridville, kennysheep_mini, uniq_eustachio
D:7:      layout_basic, sigmund_army, uniq_maggie
D:8:      nzn_winding_woodlands_small [nzn_winding_woodlands_5x15_crooked,
          nzn_winding_woodlands_center_triple_pond,
          nzn_winding_woodlands_5x15_pathside_ponds], layout_basic,
          cheibriados_altar_1
D:9:      layout_loops_ring
D:10:     layout_rooms, due_lair_maze_entry_diamond, hiddenorc2_lemuel,
          serial_rivers, chequers_serial_rivers_micro_b,
          chequers_serial_rivers_small_b, chequers_serial_rivers_small_3,
          chequers_serial_rivers_large_a, hex_tiny, interstate_on_off,
          item_on_display_a, uniq_grum
Temple:   hellmonk_temple_rainy
Orc:1:    layout_caves
Orc:2:    st_orc_rangers, layout_diamond_mine, hangedman_minor_magic

Skill      XL: |  1  2  3  4  5  6  7  8  9 10 11 |
---------------+----------------------------------+-----
Fighting       | 1 2 3 4 5 6 |  6.7
Armour         | 1 2 3 4 5 6 |  6.0
Summonings     | 5 6 7 8 9 10 | 10.9
Stealth        | 3 |  3.0
Long Blades    | 1 2 3 4 5 |  5.7
Dodging        | 3 |  3.0
Spellcasting   | 3 4 5 6 |  6.6
Throwing       | 1 |  1.0
Evocations     | 1 2 3 |  3.0
Air Magic      | 3 4 |  4.4
Shields        | 2 |  2.6
Short Blades   | |  0.9

Action                   |  1- 3 |  4- 6 |  7- 9 | 10-12 || total
-------------------------+-------+-------+-------+-------++-------
Melee: Unarmed           |    29 |       |       |       ||    29
       Short sword       |    26 |    62 |       |       ||    88
       Punch             |     1 |     2 |       |     2 ||     5
       Falchion          |       |    19 |    42 |    72 ||   133
 Cast: Summon Small Mamm |    42 |    46 |    63 |    71 ||   222
       Call Imp          |    11 |    25 |    26 |    30 ||    92
       Call Canine Famil |       |     3 |    30 |    25 ||    58
       Summon Guardian G |       |       |       |     6 ||     6
Invok: Ancestor Life: Kn |       |       |     1 |       ||     1
       Recall Ancestor   |       |       |       |     1 ||     1
Evoke: Wand              |       |       |     1 |       ||     1
  Use: Scroll            |       |     3 |     7 |    12 ||    22
       Potion            |       |       |       |    13 ||    13
 Stab: Sleeping          |       |     8 |       |       ||     8
       Distracted        |       |       |     1 |     2 ||     3
Armor: Robe              |    17 |    21 |     7 |     6 ||    51
       Acid dragon scale |       |       |       |    52 ||    52
Dodge: Dodged            |    67 |    59 |    44 |   100 ||   270

Table legend: (Time is in decaauts)
 A = Elapsed time spent in this place.
 B = Non-inter-level travel time spent in this place.
 C = Inter-level travel time spent in this place.
 D = Time resting spent in this place.
 E = Time spent auto-exploring this place.
 F = Levels seen in this place.
 G = Mean time per level.
                   A        B        C        D        E       F      G
               +--------+--------+--------+--------+--------+-----+--------+
         Total |  11194 |  10774 |    420 |    925 |   7067 |  13 |  861.1 |
       Dungeon |  11031 |  10619 |    412 |    908 |   7058 |  10 | 1103.1 |
        Temple |     28 |     20 |      8 |      0 |      9 |   1 |   28.0 |
  Orcish Mines |    134 |    134 |      0 |     17 |      0 |   2 |   67.0 |
               +--------+--------+--------+--------+--------+-----+--------+

Top non-repeatable levels by time:
     D:8: 1578 daAuts
     D:4: 1326 daAuts
     D:1: 1318 daAuts
     D:7: 1233 daAuts
     D:5: 1184 daAuts
    D:10: 1076 daAuts
     D:6: 1000 daAuts
     D:3: 845 daAuts
     D:2: 789 daAuts
     D:9: 678 daAuts
   Orc:2: 134 daAuts
  Temple: 28 daAuts
